3L
CAPITAL DISTRICT RED KNIGHTS @ LOUISVILLE BC
06/16/2025
 
TOP OF THE 1ST
Capital District Red Knights batting - Pitching for Louisville BC : RHP Leroy Picot
Pitching: RHP Leroy Picot
Batting: RHB Danilo Mosca 0-0: Ground out 6-3 (Groundball, 6)
Batting: RHB José Paz 0-0: Called Strike
0-1: DOUBLE (Line Drive, 78XD) - OUT at third base trying to stretch hit.
Batting: RHB Sergio Ortíz 0-0: Ball
1-0: Ball
2-0: Foul Ball, location: 2F
2-1: Swinging Strike
2-2: DOUBLE (Line Drive, 9D)
Batting: RHB Chris Costa 0-0: Ball
1-0: Called Strike
1-1: Called Strike
1-2: Ball
2-2: Strikes out swinging
Top of the 1st over - 0 run(s), 2 hit(s), 0 error(s), 1 left on base; Capital District 0 - Louisville 0
BOTTOM OF THE 1ST
Louisville BC batting - Pitching for Capital District Red Knights : RHP Luis Hernández
Pitching: RHP Luis Hernández
Batting: LHB Carroll Martin 0-0: Called Strike
0-1: Fly out, F9 (Line Drive, 9LM)
Batting: SHB Eddie Ménard 0-0: Ball
1-0: Called Strike
1-1: Ball
2-1: Ball
3-1: Swinging Strike
3-2: Base on Balls
Batting: SHB Chris Williamson 0-0: Ball
1-0: Ball
2-0: Fly out, F7 (Flyball, 78M)
Batting: LHB Luis Velázquez 0-0: Ball
1-0: Ball
2-0: Foul Ball, location: 2F
2-1: Ground out 5-3 (Groundball, 56S)
Bottom of the 1st over - 0 run(s), 0 hit(s), 0 error(s), 1 left on base; Capital District 0 - Louisville 0
TOP OF THE 2ND
Capital District Red Knights batting - Pitching for Louisville BC : RHP Leroy Picot
Batting: LHB Mike Cook 0-0: Ball
1-0: Ball
2-0: Fly out, F8 (Flyball, 8LD)
Batting: LHB Arturo Hernández 0-0: Ball
1-0: Ball
2-0: Ball
3-0: Called Strike
3-1: Called Strike
3-2: Base on Balls
Batting: RHB Pedro Álvarez 0-0: Ball
Arturo Hernández is caught stealing 2nd base
1-0: Ball
2-0: Called Strike
2-1: Ball
3-1: Base on Balls
Batting: RHB Alfonso Enríquez 0-0: SINGLE (Groundball, 34) (infield hit)
Pedro Álvarez to second
Batting: SHB Bernardo Hernández 0-0: Ball
1-0: SINGLE (Groundball, 34D)
Pedro Álvarez to third
Alfonso Enríquez to second
Runner from 3rd tries for Home, SAFE, no throw
Batting: RHB Danilo Mosca 0-0: Ball
1-0: SINGLE (Line Drive, 6D)
Alfonso Enríquez to third
Bernardo Hernández to second
Batting: RHB José Paz 0-0: Ball
1-0: Swinging Strike
1-1: Called Strike
1-2: Ball
2-2: Foul Ball, location: 2F
2-2: Ball
3-2: GRAND SLAM HOME RUN (Flyball, 7LD), Distance : 386 ft
Batting: RHB Sergio Ortíz 0-0: Swinging Strike
0-1: Foul Ball, location: 2F
0-2: Strikes out looking
Top of the 2nd over - 5 run(s), 4 hit(s), 0 error(s), 0 left on base; Capital District 5 - Louisville 0
BOTTOM OF THE 2ND
Louisville BC batting - Pitching for Capital District Red Knights : RHP Luis Hernández
Batting: RHB Roy Herring 0-0: Called Strike
0-1: Ball
1-1: SINGLE (Line Drive, 89S)
Batting: RHB Ed Anderson 0-0: Called Strike
0-1: Fly out, F8 (Flyball, 8RD)
Batting: RHB Kyle Bridges 0-0: Grounds into double play, 6-4-3 (Groundball, 6)
Bottom of the 2nd over - 0 run(s), 1 hit(s), 0 error(s), 0 left on base; Capital District 5 - Louisville 0
TOP OF THE 3RD
Capital District Red Knights batting - Pitching for Louisville BC : RHP Leroy Picot
Batting: RHB Chris Costa 0-0: Ball
1-0: Called Strike
1-1: Called Strike
1-2: Strikes out swinging
Batting: LHB Mike Cook 0-0: Called Strike
0-1: Foul Ball, location: 2F
0-2: Ball
1-2: Ball
2-2: Ball
3-2: Strikes out swinging
Batting: LHB Arturo Hernández 0-0: Called Strike
0-1: Ball
1-1: Called Strike
1-2: Strikes out swinging
Top of the 3rd over - 0 run(s), 0 hit(s), 0 error(s), 0 left on base; Capital District 5 - Louisville 0
BOTTOM OF THE 3RD
Louisville BC batting - Pitching for Capital District Red Knights : RHP Luis Hernández
Batting: LHB Arturo Acevedo 0-0: Fly out, F9 (Line Drive, 89M)
Batting: RHB Yuji Ine 0-0: Swinging Strike
0-1: Foul Ball, location: 2F
0-2: Ball
1-2: SINGLE (Line Drive, 9S)
Batting: LHB Carroll Martin 0-0: Called Strike
0-1: Ball
Passed Ball!
Yuji Ine to second
1-1: Ball
2-1: Called Strike
2-2: Ground out 4-3 (Groundball, 4)
Yuji Ine to third
Batting: SHB Eddie Ménard 0-0: Called Strike
0-1: Fly out, F8 (Flyball, 8RS)
Bottom of the 3rd over - 0 run(s), 1 hit(s), 0 error(s), 1 left on base; Capital District 5 - Louisville 0
TOP OF THE 4TH
Capital District Red Knights batting - Pitching for Louisville BC : RHP Leroy Picot
Batting: RHB Pedro Álvarez 0-0: Called Strike
0-1: Called Strike
0-2: Strikes out swinging
Batting: RHB Alfonso Enríquez 0-0: Foul Ball, location: 2F
0-1: Ball
1-1: Swinging Strike
1-2: Foul Ball, location: 2F
1-2: Ball
2-2: Ball
3-2: Fly out, F7 (Flyball, 7S)
Batting: SHB Bernardo Hernández 0-0: Called Strike
0-1: Ground out 3-1 (Groundball, 34)
Top of the 4th over - 0 run(s), 0 hit(s), 0 error(s), 0 left on base; Capital District 5 - Louisville 0
BOTTOM OF THE 4TH
Louisville BC batting - Pitching for Capital District Red Knights : RHP Luis Hernández
Batting: SHB Chris Williamson 0-0: Called Strike
0-1: Ball
1-1: Ball
2-1: DOUBLE (Groundball, 5L)
Batting: LHB Luis Velázquez 0-0: Ball
1-0: Fly out, F8 (Flyball, 8LD)
Runner from 2nd tags up, SAFE at 3rd, no throw
Batting: RHB Roy Herring 0-0: Called Strike
0-1: Swinging Strike
0-2: Ball
1-2: Ground out 5-3 (Groundball, 56S)
Chris Williamson scores
Batting: RHB Ed Anderson 0-0: Foul Ball, location: 2F
0-1: Ball
1-1: Foul Ball, location: 2F
1-2: Ball
2-2: Ball
3-2: Base on Balls
Batting: RHB Kyle Bridges 0-0: Ball
1-0: Ball
2-0: Ball
3-0: Called Strike
3-1: Foul Ball, location: 2F
3-2: Base on Balls
Ed Anderson to second
Batting: LHB Arturo Acevedo 0-0: Called Strike
0-1: Called Strike
0-2: SINGLE (Line Drive, 4MD)
Ed Anderson to third
Kyle Bridges to second
Runner from 3rd tries for Home, SAFE, no throw
Batting: RHB Yuji Ine 0-0: Fielders Choice at 2nd, 5-4 (Groundball, 5L)
Bottom of the 4th over - 2 run(s), 2 hit(s), 0 error(s), 1 left on base; Capital District 5 - Louisville 2
TOP OF THE 5TH
Capital District Red Knights batting - Pitching for Louisville BC : RHP Leroy Picot
Batting: RHB Danilo Mosca 0-0: Called Strike
0-1: Foul Ball, location: 2F
0-2: Ball
1-2: Ball
2-2: Strikes out swinging
Batting: RHB José Paz 0-0: Called Strike
0-1: Swinging Strike
0-2: SINGLE (Line Drive, 7LS)
Batting: RHB Sergio Ortíz 0-0: Ball
1-0: Called Strike
1-1: SINGLE (Line Drive, 8LS)
José Paz to second
Batting: RHB Chris Costa 0-0: Called Strike
0-1: Ball
1-1: Ball
2-1: Ball
3-1: Called Strike
3-2: Foul Ball, location: 2F
3-2: Fly out, F9 (Line Drive, 9LM)
Batting: LHB Mike Cook 0-0: Ball
1-0: Swinging Strike
1-1: Swinging Strike
1-2: Foul Ball, location: 2F
1-2: SINGLE (Line Drive, 6D)
José Paz to third
Sergio Ortíz to second
Runner from 3rd tries for Home, SAFE, no throw
Pitching: RHP William Waters
Batting: LHB Arturo Hernández 0-0: Ball
1-0: Called Strike
1-1: Ball
2-1: Foul Ball, location: 2F
2-2: Foul Ball, location: 2F
2-2: 3-RUN HOME RUN (Flyball, 9D), Distance : 390 ft
Batting: RHB Pedro Álvarez 0-0: Ball
1-0: Called Strike
1-1: Fly out, F6 (Popup, 56D)
Top of the 5th over - 4 run(s), 4 hit(s), 0 error(s), 0 left on base; Capital District 9 - Louisville 2
BOTTOM OF THE 5TH
Louisville BC batting - Pitching for Capital District Red Knights : RHP Luis Hernández
Batting: LHB Carroll Martin 0-0: Ball
1-0: Ball
2-0: Ground out 3-1 (Groundball, 34S)
Batting: SHB Eddie Ménard 0-0: Called Strike
0-1: Foul Ball, location: 2F
0-2: Ball
1-2: Foul Ball, location: 2F
1-2: Ball
2-2: Ball
3-2: Base on Balls
Batting: SHB Chris Williamson 0-0: Ball
1-0: Foul Ball, location: 2F
1-1: Ball
2-1: Ball
3-1: Swinging Strike
3-2: Strikes out looking
Batting: LHB Luis Velázquez 0-0: Ball
1-0: Called Strike
1-1: Ball
2-1: Foul Ball, location: 2F
2-2: Strikes out looking
Bottom of the 5th over - 0 run(s), 0 hit(s), 0 error(s), 1 left on base; Capital District 9 - Louisville 2
TOP OF THE 6TH
Capital District Red Knights batting - Pitching for Louisville BC : RHP William Waters
Batting: RHB Alfonso Enríquez 0-0: Called Strike
0-1: Ball
1-1: Fly out, F7 (Flyball, 7S)
Batting: SHB Bernardo Hernández 0-0: Ball
1-0: Foul Ball, location: 2F
1-1: SINGLE (Groundball, 4D)
Batting: RHB Danilo Mosca 0-0: Swinging Strike
Pickoff Throw to First - Error! E1
Bernardo Hernández to second
0-1: Ball
1-1: Called Strike
1-2: Foul Ball, location: 2F
1-2: Ball
2-2: Foul Ball, location: 2F
2-2: SINGLE (Groundball, 34D)
Bernardo Hernández to third
Batting: RHB José Paz 0-0: Called Strike
0-1: Ball
1-1: Swinging Strike
1-2: 3-RUN HOME RUN (Flyball, 8LXD), Distance : 423 ft
Pitching: RHP Vincente Ortíz
Batting: RHB Sergio Ortíz 0-0: Called Strike
0-1: Ball
1-1: Ball
2-1: SINGLE (Groundball, 56D)
Batting: RHB Chris Costa 0-0: Called Strike
0-1: SINGLE (Groundball, 4MD)
Sergio Ortíz to second
Batting: LHB Mike Cook 0-0: Called Strike
0-1: Ball
1-1: Ball
2-1: Foul Ball, location: 2F
2-2: Strikes out swinging
Batting: LHB Arturo Hernández 0-0: Foul Ball, location: 2F
0-1: Ball
1-1: SINGLE (Groundball, 4S) (infield hit)
Sergio Ortíz to third
Chris Costa to second
Batting: RHB Pedro Álvarez 0-0: Called Strike
0-1: Swinging Strike
0-2: Strikes out swinging
Top of the 6th over - 3 run(s), 6 hit(s), 1 error(s), 3 left on base; Capital District 12 - Louisville 2
BOTTOM OF THE 6TH
Louisville BC batting - Pitching for Capital District Red Knights : RHP Luis Hernández
Batting: RHB Roy Herring 0-0: Ball
1-0: Called Strike
1-1: Called Strike
1-2: Fly out, F8 (Flyball, 8LM)
Batting: RHB Ed Anderson 0-0: Foul Ball, location: 2F
0-1: Ball
1-1: Fly out, F9 (Flyball, 9)
Batting: RHB Kyle Bridges 0-0: Ball
1-0: Ball
2-0: Ball
3-0: Base on Balls
Batting: LHB Arturo Acevedo 0-0: Ball
1-0: Foul Ball, location: 2F
1-1: Ball
2-1: Ball
3-1: Foul Ball, location: 2F
3-2: Foul Ball, location: 2F
3-2: Foul Ball, location: 2F
3-2: Base on Balls
Kyle Bridges to second
Batting: RHB Yuji Ine 0-0: Called Strike
0-1: Fielders Choice at 2nd, 5-4 (Groundball, 56)
Bottom of the 6th over - 0 run(s), 0 hit(s), 0 error(s), 1 left on base; Capital District 12 - Louisville 2
TOP OF THE 7TH
Capital District Red Knights batting - Pitching for Louisville BC : RHP Vincente Ortíz
Pinch Hitting: LHB Jesús Reyes 0-0: Ball
1-0: Fly out, F7 (Line Drive, 78D)
Batting: SHB Bernardo Hernández 0-0: Ball
1-0: Called Strike
1-1: Called Strike
1-2: Ball
2-2: Ball
3-2: Fly out, F3 (Popup, 3S)
Batting: RHB Danilo Mosca 0-0: Called Strike
0-1: Ball
1-1: Swinging Strike
1-2: Foul Ball, location: 2F
1-2: Ball
2-2: Ball
3-2: SINGLE (Flyball, 8RS)
Batting: RHB José Paz 0-0: Ball
1-0: Swinging Strike
1-1: Foul Ball, location: 2F
1-2: Ball
Danilo Mosca steals 2nd base
2-2: Ground out 4-3 (Groundball, 4)
Top of the 7th over - 0 run(s), 1 hit(s), 0 error(s), 1 left on base; Capital District 12 - Louisville 2
BOTTOM OF THE 7TH
Louisville BC batting - Pitching for Capital District Red Knights : RHP Luis Hernández
Now in RF: Jesús Reyes
Pinch Hitting: RHB Noriaki Okada 0-0: Ball
1-0: Ball
2-0: Ground out 6-3 (Groundball, 56)
Batting: SHB Eddie Ménard 0-0: Ball
1-0: Foul Ball, location: 2F
1-1: Ball
2-1: SINGLE (Flyball, 9LM)
Pitching: LHP Terry King
Batting: SHB Chris Williamson 0-0: Ball
1-0: Ball
2-0: Ball
3-0: Base on Balls
Eddie Ménard to second
Batting: LHB Luis Velázquez 0-0: Called Strike
0-1: Foul Ball, location: 2F
0-2: Ball
1-2: Ball
2-2: Foul Ball, location: 2F
2-2: Ball
3-2: Strikes out looking
Batting: RHB Roy Herring 0-0: Ball
1-0: Ball
2-0: Ball
3-0: Called Strike
3-1: Foul Ball, location: 2F
3-2: Fly out, F9 (Flyball, 9D)
Bottom of the 7th over - 0 run(s), 1 hit(s), 0 error(s), 2 left on base; Capital District 12 - Louisville 2
TOP OF THE 8TH
Capital District Red Knights batting - Pitching for Louisville BC : RHP Vincente Ortíz
Now in LF: Keith Best
Batting: RHB Sergio Ortíz 0-0: Ball
1-0: Ball
2-0: Called Strike
2-1: Fly out, F6 (Line Drive, 6)
Batting: RHB Chris Costa 0-0: Ball
1-0: Ball
2-0: Foul Ball, location: 2F
2-1: Called Strike
2-2: Foul Ball, location: 2F
2-2: Strikes out swinging
Batting: LHB Mike Cook 0-0: Fly out, F7 (Flyball, 78D)
Top of the 8th over - 0 run(s), 0 hit(s), 0 error(s), 0 left on base; Capital District 12 - Louisville 2
BOTTOM OF THE 8TH
Louisville BC batting - Pitching for Capital District Red Knights : LHP Terry King
Batting: RHB Ed Anderson 0-0: Foul Ball, location: 2F
0-1: SOLO HOME RUN (Flyball, 78XD), Distance : 419 ft
Batting: RHB Kyle Bridges 0-0: Called Strike
0-1: Foul Ball, location: 2F
0-2: Strikes out swinging
Batting: LHB Arturo Acevedo 0-0: Fly out, F7 (Flyball, 78S)
Batting: RHB Yuji Ine 0-0: Called Strike
0-1: Swinging Strike
0-2: Strikes out looking
Bottom of the 8th over - 1 run(s), 1 hit(s), 0 error(s), 0 left on base; Capital District 12 - Louisville 3
TOP OF THE 9TH
Capital District Red Knights batting - Pitching for Louisville BC : RHP Vincente Ortíz
Batting: LHB Arturo Hernández 0-0: Ball
1-0: Ball
2-0: Foul Ball, location: 2F
2-1: Ball
3-1: Ground out 4-3 (Groundball, 4)
Batting: RHB Pedro Álvarez 0-0: Called Strike
0-1: Ball
1-1: Foul Ball, location: 2F
1-2: Ground out 6-3 (Groundball, 6)
Batting: LHB Jesús Reyes 0-0: Ground out 6-3 (Groundball, 6D)
Top of the 9th over - 0 run(s), 0 hit(s), 0 error(s), 0 left on base; Capital District 12 - Louisville 3
BOTTOM OF THE 9TH
Louisville BC batting - Pitching for Capital District Red Knights : LHP Terry King
Batting: RHB Keith Best 0-0: Called Strike
0-1: Ball
1-1: Ball
2-1: Ground out 6-3 (Groundball, 6)
Batting: SHB Eddie Ménard 0-0: Ball
1-0: Called Strike
1-1: Foul Ball, location: 2F
1-2: Strikes out swinging
Batting: SHB Chris Williamson 0-0: Called Strike
0-1: Ball
1-1: Fly out, F8 (Flyball, 8RM)
Bottom of the 9th over - 0 run(s), 0 hit(s), 0 error(s), 0 left on base; Capital District 12 - Louisville 3
Friday, December 30th, 2016 - OOTP Baseball 17.12 Build 75